 Dungeon Crawl Stone Soup version 0.16.1-18-g436b03c (webtiles) character file.

200 maxaitor the Cudgeler (level 5, -2/46 HPs)
             Began as a Draconian Berserker on May 11, 2015.
             Was a Believer of Trog.
             Slain by an orc wizard
             ... wielding a +0 dagger
              (5 damage)
             ... on level 5 of the Dungeon.
             The game lasted 00:17:58 (2648 turns).

maxaitor the Cudgeler (Draconian Berserker)         Turns: 2648, Time: 00:17:58

Health: -2/46      AC:  5    Str: 20    XL:     5   Next: 49%
Magic:  5/5        EV: 13    Int:  8    God:    Trog [**....]
Gold:   161        SH:  0    Dex: 10    Spells: 0 memorised, 4 levels left

rFire  . . .     SeeInvis .     a - +0 mace
rCold  . . .     Clarity  .     (armour unavailable)
rNeg   . . .     SustAb   .     (no shield)
rPois  .         Gourm    .     (helmet restricted)
rElec  .         Spirit   .     (no cloak)
rCorr  .         Warding  .     (no gloves)
rMut   .         Stasis   .     (no boots)
MR     .....                    (no amulet)
Stlth  +.........               (no ring)
                                (no ring)

@: not resistant to hostile enchantments, very unstealthy
A: unfitting armour, cold-blooded, AC +5
a: Burn Spellbooks, Berserk, Trog's Hand, Renounce Religion


You were on level 5 of the Dungeon.
You worshipped Trog.
Trog was pleased with you.
You were hungry.

You visited 1 branch of the dungeon, and saw 6 of its levels.

You collected 161 gold pieces.

Inventory:

Hand weapons
 a - a +0 mace (weapon)
Scrolls
 b - a scroll of noise {unknown}
 d - a scroll of enchant armour {unknown}
 e - 2 scrolls of identify {unknown}
 f - a scroll of fog {unknown}
 g - a scroll of remove curse {unknown}
 k - a scroll of magic mapping {unknown}
Potions
 j - 2 potions of poison {unknown}
Comestibles
 c - 3 bread rations
 h - a royal jelly


   Skills:
 + Level 4.2 Fighting
 + Level 4.4 Maces & Flails
 + Level 4.0 Dodging
 + Level 0.6 Stealth


You had 4 spell levels left.
You didn't know any spells.

Dungeon Overview and Level Annotations

Branches:
Dungeon (6/15)
 Temple: D:4-7

Altars:


Innate Abilities, Weirdness & Mutations

Your plain brown scales are hard (AC +5).
Your body does not fit into most forms of armour.
Your cold-blooded metabolism reacts poorly to cold.


Message History

The orc wizard hits you with an enchanted dagger.
* * * LOW HITPOINT WARNING * * *
The orc barely misses you. Something hits you.
* * * LOW HITPOINT WARNING * * *
You hit the orc wizard but do no damage.
The orc wizard is almost dead.
The orc wizard hits you but does no damage.
The orc closely misses you. Something hits you but does no damage.
You hit the orc wizard but do no damage.
You tail-slap the orc wizard, but do no damage.
The orc wizard is almost dead.
The orc wizard misses you. The orc hits you with a dagger.
* * * LOW HITPOINT WARNING * * *
Something hits you.
* * * LOW HITPOINT WARNING * * *
The orc wizard gestures at you while chanting.
The puff of flame misses you. The orc hits you with a dagger.
* * * LOW HITPOINT WARNING * * *
Something hits you.
You die...

#...P.P.........#
#...............#
##..PPP.........#
####...........#
##..........#
#.........##
#.........#
#...oo....#
#..##@†##.#
#...#### .. #...
.. .... ##.#


You could see an orc wizard and an orc.

Vanquished Creatures
  An iguana (D:4)
  An orc priest (D:4)
  A worker ant (D:4)
  A hound skeleton (D:4)
  6 adders
  4 giant geckos
  An ooze (D:2)
  4 orcs
  6 bats
  3 hobgoblins
  3 giant cockroaches
  A giant gecko skeleton (D:4)
  3 giant newts
  A giant spore (D:5)
  5 goblins
  5 kobolds
  3 quokkas
  A quokka skeleton (D:4)
  4 rats
54 creatures vanquished.

Notes
Turn   | Place    | Note
--------------------------------------------------------------
     0 | D:1      | maxaitor, the Draconian Berserker, began the quest for the Orb.
     0 | D:1      | Reached XP level 1. HP: 19/19 MP: 1/1
     6 | D:1      | Noticed an anaconda
     6 | D:1      | Noticed a lindwurm
     8 | D:1      | Noticed a black bear
   374 | D:2      | Reached XP level 2. HP: 13/26 MP: 2/2
   853 | D:2      | Reached XP level 3. HP: 21/31 MP: 3/3
  1123 | D:3      | Acquired Trog's second power
  1459 | D:4      | Reached XP level 4. HP: 40/40 MP: 4/4
  1485 | D:4      | Reached skill level 4 in Maces & Flails
  1805 | D:4      | Reached XP level 5. HP: 21/46 MP: 5/5
  2384 | D:5      | Entered Level 5 of the Dungeon
  2647 | D:5      | HP: 2/46 [orc/dagger (2)]
  2648 | D:5      | Slain by an orc wizard

Action                   |  1- 3 |  4- 6 || total
-------------------------+-------+-------++-------
Melee: Mace              |    94 |    81 ||   175
  Eat: Chunk             |     2 |     3 ||     5
